 Dungeon Crawl Stone Soup version 0.24-a0-789-g35933f4585 (webtiles) character file.

Game seed: 2832415622297600662, levelgen mode: deterministic

3668 Brozuf the Spear-Bearer (level 10, -7/82 (83) HPs)
             Began as a Merfolk Abyssal Knight on Oct 10, 2019.
             Was a Believer of Lugonu.
             Mangled by a wolf spider (12 damage)
             ... on level 7 of the Dungeon.
             The game lasted 00:31:08 (13796 turns).

Brozuf the Spear-Bearer (Merfolk Abyssal Knight)   Turns: 13796, Time: 00:31:09

HP:   -7/82 (83)    AC: 16    Str: 15    XL:     10   Next: 12%
MP:   11/15         EV:  3    Int: 12    God:    Lugonu [**....]
Gold: 431           SH:  9    Dex: 14    Spells: 9/9 levels left

rFire    + + .     SeeInvis .   a - +1 spear (pierce)
rCold    . . .     Gourm    .   B - +0 shield
rNeg     . . .     Faith    .   l - +3 plate armour "Put-Me-On" {rF++}
rPois    .         Spirit   .   (no helmet)
rElec    .         Reflect  .   j - scarf {repulsion}
rCorr    .         Harm     .   s - +0 pair of gloves
MR       .....                  g - +1 pair of boots
Stlth    ..........             (no amulet)
HPRegen  0.23/turn              (no ring)
MPRegen  0.14/turn              (no ring)

@: repel missiles
A: change form in water, swift swim, stealthy swim
a: Depart the Abyss, Bend Space, Renounce Religion


You were on level 7 of the Dungeon.
You worshipped Lugonu.
Lugonu was pleased with you.
You were not hungry.

You visited 2 branches of the dungeon, and saw 8 of its levels.
You visited the Abyss 1 time.

You collected 431 gold pieces.

Inventory:

Hand Weapons
 a - a +1 spear of piercing (weapon)
   (You took it off a gnoll sergeant on level 6 of the Dungeon)
 u - a +0 halberd
   (You took it off a gnoll on level 6 of the Dungeon)
 E - a +0 dagger of venom
   (You took it off a goblin on level 3 of the Dungeon)
 F - a +0 glaive
   (You found it on level 7 of the Dungeon)
Missiles
 D - 5 throwing nets (quivered) {!f}
Armour
 g - a +1 pair of boots (worn)
   (You found it on level 1 of the Dungeon)
 h - a +0 scale mail
   (You found it on level 1 of the Dungeon)
 j - a scarf of repulsion (worn)
   (You found it on level 4 of the Dungeon)
 l - the +3 plate armour "Put-Me-On" (worn) {rF++}
   (You found it on level 4 of the Dungeon)

   It greatly protects you from fire.
 s - a +0 pair of gloves (worn)
   (You found it on level 5 of the Dungeon)
 v - a +1 ring mail of cold resistance
   (You found it on level 5 of the Dungeon)
 B - a +0 shield (worn)
   (You took it off a gnoll sergeant on level 6 of the Dungeon)
Wands
 c - a wand of disintegration (19)
   (You found it on level 6 of the Dungeon)
 d - a wand of iceblast (13)
   (You found it on level 2 of the Dungeon)
 p - a wand of enslavement (7)
   (You took it off Ijyb on level 4 of the Dungeon)
 H - a wand of polymorph (8)
   (You found it on level 7 of the Dungeon)
Scrolls
 b - 2 scrolls of enchant armour
 k - a scroll of magic mapping {unknown}
 m - a scroll of acquirement {unknown}
 o - 2 scrolls of enchant weapon {unknown}
 q - 2 scrolls of teleportation {unknown}
 t - a scroll of noise {unknown}
 y - a scroll of holy word {unknown}
 z - 4 scrolls of remove curse {@r2}
Potions
 f - a potion of heal wounds {@q2}
 i - a potion of ambrosia {unknown}
 n - a potion of resistance
 r - 2 potions of curing {@q1}
 w - a potion of invisibility {unknown}
 x - a potion of brilliance {unknown}
 A - 2 potions of lignification {!q}
 C - a potion of berserk rage
Comestibles
 e - 15 rations {!d}
 G - 4 chunks of flesh


   Skills:
 + Level 9.0 Fighting
 - Level 12.3 Polearms
 - Level 0.6 Armour
 - Level 2.6 Dodging
 * Level 4.9 Shields
 - Level 7.5 Invocations


You had 9 spell levels left.
You didn't know any spells.
Your spell library was empty.

Dungeon Overview and Level Annotations

Branches:
Dungeon (7/15)             Temple (1/1) D:6

Altars:
Ashenzari
Cheibriados
Dithmenos
Elyvilon
Fedhas
Gozag
Okawaru
Trog
Vehumet
Yredelemnul
The Shining One

Annotations:
D:5 exclusion: oklob plant
Abyss:1 Joseph, Menkaure, Pikel


Message History

You block the wolf spider's attack. The phantom hits you.
You hit the phantom. The wolf spider hits you.
The wolf spider bites you but does no damage.
You block the phantom's attack. You block the wolf spider's attack.
The wolf spider bites you but does no damage.
The phantom hits you but does no damage.
The phantom blinks!
The wolf spider hits you. You block the wolf spider's attack.
The wolf spider hits you!
The wolf spider bites you but does no damage.
The wolf spider hits you.
The wolf spider bites you but does no damage.
You block the wolf spider's attack. The wolf spider bites you!
The wolf spider hits you but does no damage.
The wolf spider bites you. You block the wolf spider's attack.
The wolf spider bites you but does no damage.
You closely miss the wolf spider.
The wolf spider hits you but does no damage.
The wolf spider bites you but does no damage.
You closely miss the wolf spider. You closely miss the wolf spider.
The wolf spider hits you but does no damage.
The wolf spider bites you!
You barely miss the wolf spider. You block the wolf spider's attack. x2
Aim: a wolf spider (clinging, chance to defeat MR: 85%)
The wolf spider barely resists.
You feel somewhat more hungry.
You can no longer banish your foes.
The wolf spider hits you!
* * * LOW HITPOINT WARNING * * *
You block the wolf spider's attack. x2
The wolf spider bites you but does no damage.
Okay, then.
Unknown command.
Okay, then.
Okay, then.
Unknown command.
The wolf spider hits you!
* * * LOW HITPOINT WARNING * * *
The wolf spider bites you but does no damage.
You block the wolf spider's attack. x2
Okay, then.
Okay, then.
The wolf spider hits you!
* * * LOW HITPOINT WARNING * * *
The wolf spider bites you but does no damage.
Okay, then.
Space bends around you!
You blink.
The wolf spider hits you!
You die...

......# #.#.......(...........
......# #.#..((.(.............
......######.#.(#################
.............#..#.....#.....#...W
.............#..#.....#..W..#....
.............#..#..#..#..#..#..##
#....#######.#.§#W.#.W#..#.W#..#
#....# #.#..s..#.....#.....#
#....# #.#..@..#.....#.....#
#....# #.###################
#....# #....# #....# #####.## #
###########.....>###### #
#####....##.##...#....# ######
....+....##..#...#.##.# ##.#...
#####....###.#...#.##.# ###.#⌠#.#
....+....###.#.....#..###....#...


You could see a wolf spider and a phantom.

Vanquished Creatures
  Grinder (D:3)
  A swamp drake (D:7)
  An orc warrior (D:6)
  A sky beast (D:5)
  A slave (D:6)
  An ogre (D:7)
  2 phantoms (D:4)
  A necrophage (D:6)
  2 centaurs
  A crocodile (D:7)
  A gnoll sergeant (D:6)
  2 bullfrogs
  2 scorpions
  A water moccasin skeleton (D:5)
  3 jellies
  3 killer bees (D:7)
  A bullfrog zombie (D:5)
  A centaur zombie (D:5)
  3 crimson imps
  4 orc wizards
  3 hounds
  2 bullfrog skeletons
  A centaur skeleton (D:3)
  8 orc priests
  Ijyb (D:4)
  An iguana (D:5)
  5 worker ants
  A howler monkey zombie (D:6)
  6 gnolls
  12 adders
  2 howler monkey skeletons
  A shadow imp (D:7)
  2 oozes
  An adder zombie (D:5)
  3 worms
  4 dart slugs
  A leopard gecko (D:5)
  29 orcs
  4 giant cockroaches
  6 goblins
  8 hobgoblins
  2 jackals (D:5)
  6 quokkas
  A ball python (D:5)
  12 bats
  2 frilled lizards
  8 kobolds
  A quokka skeleton (D:7)
  A quokka zombie (D:5)
  10 rats
177 creatures vanquished.

Vanquished Creatures (others)
  A hippogriff (D:5)
  A slave (D:6)
  2 ogres
  A jelly (D:5)
  A worker ant (D:6)
  2 gnolls (D:6)
  A leopard gecko skeleton (D:6)
  12 toadstools (D:5)
21 creatures vanquished.

Grand Total: 198 creatures vanquished

Notes
Turn   | Place    | Note
-------+----------+-------------------------------------------
     0 | Abyss:1  | Brozuf the Merfolk Abyssal Knight began the quest for the
                  | Orb.
     0 | Abyss:1  | Reached XP level 1. HP: 18/18 MP: 2/2
   109 | Abyss:2  | Noticed a small abomination
   110 | D:1      | Escaped the Abyss
   288 | D:1      | Reached * piety under Lugonu
   306 | D:1      | Reached XP level 2. HP: 22/24 MP: 3/3
   630 | D:1      | Reached skill level 4 in Polearms
   699 | D:1      | Reached XP level 3. HP: 29/29 MP: 4/4
  1536 | D:2      | Reached XP level 4. HP: 37/37 MP: 6/6
  1551 | D:2      | Reached ** piety under Lugonu
  1551 | D:2      | Reached skill level 5 in Polearms
  2772 | D:3      | Noticed Grinder
  2776 | D:3      | Paralysed by Grinder for 4 turns
  2784 | D:3      | Paralysed by Grinder for 5 turns
  2796 | D:3      | Killed Grinder
  2796 | D:3      | Reached skill level 7 in Polearms
  2796 | D:3      | Reached XP level 5. HP: 21/43 MP: 7/7
  2796 | D:3      | Reached XP level 6. HP: 24/49 MP: 8/8
  3640 | D:3      | Reached skill level 5 in Fighting
  3989 | D:3      | Reached XP level 7. HP: 53/56 MP: 10/10
  4154 | D:3      | Found a white marble altar of Elyvilon.
  4438 | D:4      | Reached skill level 8 in Polearms
  4462 | D:4      | Got a bloodstained whip
  4616 | D:4      | Reached *** piety under Lugonu
  4970 | D:4      | Reached skill level 9 in Polearms
  4980 | D:4      | Got a faintly glowing plate armour
  4985 | D:4      | Found a basalt altar of Yredelemnul.
  5114 | D:3      | Identified the +3 plate armour "Put-Me-On" {rF++} (You
                  | found it on level 4 of the Dungeon)
  5121 | D:3      | Identified the cursed +1 whip of Xatz {flame, Str+7 Int+8
                  | Stlth-} (You found it on level 4 of the Dungeon)
  5212 | D:4      | Noticed Ijyb
  5249 | D:4      | Killed Ijyb
  5694 | D:4      | Found a shadowy altar of Dithmenos.
  5739 | D:5      | Entered Level 5 of the Dungeon
  5752 | D:5      | Reached skill level 5 in Invocations
  5795 | D:5      | Reached XP level 8. HP: 46/64 MP: 11/11
  6021 | D:5      | Noticed a hippogriff
  6430 | D:5      | Reached skill level 10 in Polearms
  6798 | D:5      | Found a blossoming altar of Fedhas.
  6811 | D:5      | Noticed an oklob plant
  7728 | D:5      | Banished a hippogriff
  7990 | D:6      | Found a staircase to the Ecumenical Temple.
  8179 | D:5      | Reached skill level 11 in Polearms
  8639 | D:6      | Reached XP level 9. HP: 68/71 MP: 13/13
  8647 | D:6      | Noticed Menkaure
  8691 | D:6      | Banished Menkaure
  9054 | D:6      | Noticed Pikel
  9088 | D:6      | Banished Pikel
  9088 | D:6      | Reached skill level 12 in Polearms
  9103 | Temple   | Entered the Ecumenical Temple
 10725 | D:7      | Found a snail-covered altar of Cheibriados.
 10752 | D:7      | Noticed Joseph
 10762 | D:7      | Banished Joseph
 10762 | D:7      | Reached skill level 1 in Shields
 12606 | D:7      | Reached XP level 10. HP: 70/82 MP: 15/15
 13767 | D:7      | Noticed a wolf spider
 13768 | D:7      | Noticed a cyclops
 13796 | D:7      | Mangled by a wolf spider

Levels and vault maps discovered:
D:1:      dpeg_arrival_morbid_curiosity, layout_basic, st_stairs_10
D:2:      minmay_evil_eye, layout_rooms
D:3:      layout_basic, elyvilon_altar_5, first_ration, minmay_misc_feat_alley,
          minmay_misc_feat_tower, skrybe_limestone_x, uniq_grinder
D:4:      layout_loops_cross, yredelemnul_altar_generic,
          nicolae_dithmenos_through_a_glass_darkly, portal_sewer_entry_d,
          uniq_ijyb
D:5:      layout_basic, tgw_fedhas, enter_ossuary_3, minmay_manual_moon
D:6:      layout_basic, minmay_temple_entry_large_hall,
          minmay_misc_feat_encased, chequers_mini_garden, uniq_menkaure,
          uniq_pikel
D:7:      kennysheep_windowed_halls, layout_basic, lemuel_doored_altar,
          grunt_ogre_cave, kennysheep_doodads, uniq_joseph
Temple:   eino_temple_lava

Skill      XL: |  1  2  3  4  5  6  7  8  9 10 |
---------------+-------------------------------+-----
Polearms       | 4 7 9 11 12 | 12.3
Fighting       | 4 5 6 8 9 |  9.0
Invocations    | 3 4 5 6 7 |  7.5
Shields        | 3 4 |  4.9
Armour         | |  0.6
Dodging        | |  2.6

Action                   |  1- 3 |  4- 6 |  7- 9 | 10-12 || total
-------------------------+-------+-------+-------+-------++-------
Melee: Spear             |   138 |   169 |   784 |    79 ||  1170
       Dagger            |       |       |     6 |     4 ||    10
Invok: Depart the Abyss  |     1 |       |       |       ||     1
       Banish            |       |       |    11 |     1 ||    12
       Bend Space        |       |       |     5 |     1 ||     6
Evoke: Wand              |       |     7 |       |     2 ||     9
  Use: Scroll            |       |     2 |     8 |     1 ||    11
       Potion            |       |     2 |       |       ||     2
  Eat: Chunk             |     2 |     7 |    14 |     2 ||    25
       Ration            |       |       |     5 |     1 ||     6
Armor: Leather armour    |    11 |       |       |       ||    11
       Scale mail        |    31 |    32 |   165 |       ||   228
       Plate armour      |       |       |    67 |    54 ||   121
Dodge: Dodged            |    51 |    54 |   187 |     3 ||   295
       Deflected         |       |       |     7 |     1 ||     8
Block: Shield            |       |       |    45 |    34 ||    79

Table legend:
 A = Non-vault XP
 B = Vault XP
 C = Vault XP percentage of total XP
 D = Non-vault monster count
 E = Vault monster count
 F = Vault count percentage of total count
                 A         B        C        D         E       F
            +---------+---------+-------+---------+---------+-------
      Total |    3568 |    1672 |  31.9 |     158 |      26 |  14.1
            +---------+---------+-------+---------+---------+-------
        D:1 |      25 |      15 |  37.5 |      17 |       8 |  32.0
        D:2 |      56 |      18 |  24.3 |      13 |       4 |  23.5
        D:3 |     304 |     281 |  48.0 |      32 |       1 |   3.0
        D:4 |     468 |      49 |   9.5 |      17 |       2 |  10.5
        D:5 |     903 |     187 |  17.2 |      38 |       3 |   7.3
        D:6 |     830 |     602 |  42.0 |      21 |       3 |  12.5
        D:7 |     982 |     520 |  34.6 |      20 |       5 |  20.0
            +---------+---------+-------+---------+---------+-------
